Map: Baie de réparation EC

Players

defer - Winner!

  • Race: Protoss Protoss
  • Spawn Location: 1:00

Modano

  • Race: Terran Terran
  • League: Gold
  • Spawn Location: 7:00

VOD

Have the link to the VOD?

Description

Time

  • Played on: July 24, 2017, 11:10 a.m.
  • Length: 4:09
Show
View Real Time Build Order
Export as new Build Order

defer Protoss - Winner!

Build Orders:  

Get SALT Encoding   

  12  0:02  Probe (Chrono Boost)  
  13  0:13  Pylon  
  13  0:19  Probe (Chrono Boost)  
  14  0:30  Probe (Chrono Boost)  
  14  0:35  Gateway  
  15  0:41  Probe (Chrono Boost)  
  16  0:44  Assimilator  
  16  0:50  Assimilator  
  16  0:58  Probe (Chrono Boost)  
  17  1:08  Probe (Chrono Boost)  
  18  1:19  Probe (Chrono Boost)  
  18  1:23  Cybernetics Core  
  19  1:28  Pylon  
  19  1:29  Probe (Chrono Boost)  
  21  1:40  Probe (Chrono Boost)  
  21  1:59  Robotics Facility  
  21  2:01  Robotics Facility  
  21  2:08  Adept (Chrono Boost)  
  23  2:30  Pylon  
  23  2:32  Adept (Chrono Boost)  
  29  2:51  Immortal (Chrono Boost)  
  29  2:53  Warp Prism (Chrono Boost)  
  35  3:31  Immortal (Chrono Boost)  
  35  3:33  Immortal (Chrono Boost)  
Show
View Real Time Build Order
Export as new Build Order

Modano Terran 

Build Orders:  

Get SALT Encoding   

  12  0:01  SCV  
  13  0:13  SCV  
  14  0:25  SCV  
  14  0:27  Supply Depot  
  15  0:31  Refinery  
  15  0:48  SCV  
  16  0:50  Barracks  
  16  1:01  SCV  
  17  1:20  Supply Depot  
  17  1:21  SCV  
  18  1:36  Orbital Command  
  18  1:46  Barracks Reactor  
  18  1:49  Supply Depot  
  18  2:01  Refinery  
  18  2:04  SCV  
  18  2:06  Factory  
  19  2:16  SCV  
  19  2:22  Marine x2  
  20  2:28  SCV  
  23  2:37  Command Center  
  23  2:40  Marine  
  23  2:42  Marine  
  25  2:46  SCV  
  25  2:51  Factory Reactor  
  26  2:58  Marine  
  26  3:00  Marine  
  28  3:07  SCV  
  29  3:20  Marine x2  
  31  3:27  Cyclone x2  
  37  3:37  Supply Depot, SCV  
  37  3:38  Marine  
  37  3:39  Marine  
Tags
 
Add a new tag
Caveats
  • Supply blocks, unpowered buildings, or Contaminate may cause inaccurate times.
  • Supply counts are checked every 10 seconds.